 Dungeon Crawl Stone Soup version 0.26.1-11-gd32895ea62 (webtiles) character file.

Game seed: 12666863805421328580

56 Zeld the Digger (level 3, 2/20 HPs)
             Began as a Gargoyle Earth Elementalist on July 13, 2021.
             Quit the game on level 2 of the Dungeon.
             The game lasted 00:04:25 (4099 turns).

Zeld the Digger (Gargoyle Earth Elementalist)       Turns: 4099, Time: 00:04:26

Health: 2/20       AC:  6    Str: 11    XL:     3   Next: 95%
Magic:  1/6        EV: 12    Int: 16    God:
Gold:   90         SH:  0    Dex: 10    Spells: 1/7 levels left

rFire    . . .     SeeInvis .   (no weapon)
rCold    . . .     Faith    .   (no shield)
rNeg     + . .     Spirit   .   c - +0 robe
rPois    ∞         Reflect  .   e - +0 helmet
rElec    +         Harm     .   (no cloak)
rCorr    .         Rampage  .   (no gloves)
Will     .....                  (no boots)
Stlth    ++........             (no amulet)
HPRegen  0.06/turn              (no ring)
MPRegen  0.10/turn              (no ring)

@: no status effects
A: negative energy resistance 1, electricity resistance, unbreathing,
petrification resistance, miasma immunity, AC +3
a: no special abilities


You were on level 2 of the Dungeon.
You visited 1 branch of the dungeon, and saw 2 of its levels.

You collected 90 gold pieces.

Inventory:

Armour
 c - a +0 robe (worn)
 e - a +0 helmet (worn)
Scrolls
 b - a scroll of fear {unknown}
 d - a scroll of enchant weapon {unknown}
 f - a scroll of enchant armour {unknown}
 g - 2 scrolls of remove curse {unknown}
Potions
 a - a potion of mutation {unknown}
 h - a potion of resistance {unknown}


   Skills:
 + Level 0.8 Fighting
 + Level 1.9 Dodging
 + Level 2.6 Stealth
 * Level 2.5 Spellcasting
 + Level 0.3 Conjurations
 - Level 1.0 Transmutations
 * Level 4.3 Earth Magic


You had one spell level left.
You knew the following spells:

 Your Spells              Type           Power        Failure   Level
a - Sandblast             Erth           32%          3%          1
b - Passwall              Tmut/Erth      8%           10%         2
c - Stone Arrow           Conj/Erth      18%          22%         3

Your spell library contained the following spells:

 Spells                   Type           Power        Failure   Level
 Petrify                  Tmut/Erth      10%          54%         4
 Lee's Rapid Deconstruct  Erth           8%           65%         5


Dungeon Overview and Level Annotations

Branches:
Dungeon (2/15)

Altars:


Innate Abilities, Weirdness & Mutations

You are resistant to torment.
Your stone body is resilient. (AC +3)
You are immune to poison.
You resist negative energy. (rN+)
You are resistant to electric shocks. (rElec)
You can survive without breathing.
You are immune to petrification.
You are immune to miasma.


Message History

Confirm with . or Enter, or press ? or * to list all spells.
The spell is extremely dangerous to cast (22% risk of failure)!
Continue anyway? [Y]es or [N]o only, please.
The spell is extremely dangerous to cast (22% risk of failure)!
Continue anyway?
Aiming: Stone Arrow (extremely dangerous; 22% risk of failure)
Press: ? - help, Shift-Dir - straight line, f/p - adder
Aim: an adder (57% to evade)
The stone arrow misses the adder.
The adder barely misses you.
Unknown command.
The adder bites you but does no damage.
You closely miss the adder. The adder completely misses you.
The adder barely misses you.
You barely miss the adder. The adder bites you but does no damage.
The adder closely misses you. The adder bites you but does no damage.
An adder comes into view.
The orc shouts!
The adder hisses angrily.
You closely miss the adder. The adder bites you but does no damage.
The adder closely misses you. The adder barely misses you.
Are you sure you want to abandon this character and quit the game? (Confirm with "yes".)

#.# #..#..........
#.#####..###..#.####
#...............#
........####......)###
.#####.## ##.##.#.#
#.#. #......# ..# #
####K### ### #S# #@#
#S# ... ##o#. ....#
... # ... #..#.


You could see 2 adders, an orc and a kobold.

Vanquished Creatures
  3 oozes (D:1)
  A worm (D:1)
  6 bats (D:1)
  7 giant cockroaches (D:1)
  4 goblins
  7 hobgoblins
  2 jackals (D:1)
  3 frilled lizards (D:1)
  3 rats (D:1)
36 creatures vanquished.

Notes
Turn   | Place    | Note
-------+----------+-------------------------------------------
     0 | D:1      | Zeld the Gargoyle Earth Elementalist began the quest for
                  | the Orb.
     0 | D:1      | Reached XP level 1. HP: 10/10 MP: 3/3
     1 | D:1      | Found a runed translucent door.
   232 | D:1      | Reached XP level 2. HP: 15/15 MP: 1/5
   687 | D:1      | Reached skill level 4 in Earth Magic
   689 | D:1      | Reached skill level 1 in Transmutations
   723 | D:1      | Learned a level 2 spell: Passwall
  1222 | D:1      | Reached XP level 3. HP: 13/20 MP: 6/6
  1362 | D:1      | Learned a level 3 spell: Stone Arrow
  4081 | D:2      | HP: 1/20 [adder (4)]
  4099 | D:2      | Quit the game

Illustrated notes

Levels and vault maps discovered:
D:1:      dpeg_arrival_caged_fury, layout_basic
D:2:      layout_loops_cross, nicolae_ru_sacrificial_ziggurat,
          dk_noncrumbling_3, grunt_dithmenos_smoke

Skill      XL: |  1  2 |
---------------+-------+-----
Earth Magic    | 4 |  4.3
Transmutations | 1 |  1.0
Fighting       | |  0.8
Dodging        | |  1.9
Stealth        | |  2.6
Spellcasting   | |  2.5
Conjurations   | |  0.3

Action                   || total
-------------------------++-------
Melee: Unarmed           ||   238
 Cast: Sandblast         ||    30
       Stone Arrow       ||     4
       Passwall          ||     1
 Stab: Sleeping          ||     1
Armor: Robe              ||   106
Dodge: Dodged            ||   188
